[Event "*** Titled Tuesday Blitz"]
[Site "Chess.com"]
[Date "2020.12.29"]
[Round "9"]
[White "esskeettit"]
[Black "Pantata007"]
[Result "1-0"]
[WhiteElo "2475"]
[BlackElo "2304"]
[TimeControl "180+1"]
[EndTime "11:43:30 PST"]
[Termination "esskeettit won on time"]

1. d4 d5 2. c4 c6 3. Nf3 Nf6 4.
e3 Bg4 5. h3 Bh5 6. g4 Bg6 7.
Nh4 Nbd7 8. Nxg6 hxg6 9. Nc3 e6 10. Bd2 Bb4 11. Bg2 O-O 12. Qe2 Re8 13. O-O-O Qc7 14. Kb1 a5 15. Rc1 Qb8 16. h4 b5 17. cxb5 cxb5 18. g5 Bxc3 19. Bxc3 b4 20. Bd2 Ne4 21. Bxe4 dxe4 22. h5 Nf8 23. h6 Qd8 24. hxg7 Kxg7 25. Qg4 Nh7 26. Rxh7+ Kxh7 27. Qh4+ Kg8 28. Qh6 1-0

[Event "*** Titled Tuesday Blitz"]
[Site "Chess.com"]
[Date "2020.12.29"]
[Round "9"]
[White "OrtizAnahi2001"]
[Black "No_t_ime_to_die"]
[Result "1-0"]
[WhiteElo "2339"]
[BlackElo "2468"]
[TimeControl "180+1"]
[EndTime "11:43:31 PST"]
[Termination "OrtizAnahi2001 won by resignation"]

1. d4 Nf6 2. c4 e6 3. Nc3 Bb4 4.
e3 O-O 5. Bd3 d5 6. Nf3 c5 7.
O-O cxd4 8. exd4 Nc6 9. cxd5 exd5 10. Bg5 Be6 11. Re1 h6 12. Bh4 Rc8 13. Rc1 Be7 14. Bb1 Nh5 15. Bxe7 Nxe7 16. Ne5 Nf6 17. Qa4 a6 18.
Qb3 b5 19. a4 bxa4 20. Nxa4 Ne4 21. f3 Nd2 22. Qd3 Nxb1 23. Qxb1 Bf5 24. Qa2 Qa5 25. Qa3 Ng6 26. Nc6 Qb5 27. Rc5 Qb7 28. Rec1 Bd7 29.
Na5 Qb5 30. Nc3 Qd3 31. Rd1 Qe3+ 32. Kh1 Nf4 33. Nxd5 Nxd5 34. Rxd5 Bh3 35. Qxe3 1-0

[Event "*** Titled Tuesday Blitz"]
[Site "Chess.com"]
[Date "2020.12.29"]
[Round "9"]
[White "Nils_03"]
[Black "SHIVACalypso"]
[Result "0-1"]
[WhiteElo "2270"]
[BlackElo "2470"]
[TimeControl "180+1"]
[EndTime "11:43:31 PST"]
[Termination "SHIVACalypso won by resignation"]

1. d4 e6 2. c4 Nf6 3. Nc3 Bb4 4. e3 O-O 5. Ne2 c6 6. a3 Ba5 7. b4 Bc7 8. c5 d6 9. cxd6 Qxd6 10. Bb2 Re8 11. Ng3 Nbd7 12. Bd3 e5 13. O-O a5 14. Nce4 Nxe4 15. Nxe4 Qe7 16. b5 exd4 17. bxc6 Ne5 18. Ng3 dxe3 19. Be4 exf2+ 20. Kh1 Ng4 21. cxb7 Qh4 22.
Qxg4 Bxg4 23. bxa8=Q Rxa8 24. h3 Qxg3 25. Be5 Bxe5 26.
hxg4 0-1

[Event "*** Titled Tuesday Blitz"]
[Site "Chess.com"]
[Date "2020.12.29"]
[Round "9"]
[White "ajdemipopushi"]
[Black "PenguinPacks"]
[Result "1-0"]
[WhiteElo "2358"]
[BlackElo "2442"]
[TimeControl "180+1"]
[EndTime "11:43:34 PST"]
[Termination "ajdemipopushi won on time"]

1. Nf3 d5 2. g3 c5 3. Bg2 Nc6 4. d4 Nf6 5. O-O e6 6. c4 dxc4 7. Ne5 Nxe5 8. dxe5 Qxd1 9. Rxd1 Nd7 10. f4 Rb8 11. a4 Nb6 12. Nc3 Be7 13. Be3 O-O 14. a5 Nd7 15. Nb5 f6 16. Nxa7 Rd8 17. Nxc8 Rbxc8 18. Bxb7 Rc7 19. a6 fxe5 20. fxe5 Nb6 21.
Rxd8+ Bxd8 22. Rd1 Be7 23. Rd6 Nc8 24. Rxe6 Kf7 25.
Rc6 Rxc6 26. Bxc6 Na7 27. Bd5+ Kg6 28. Bxc4 Kf5 29. e6 Ke4 30. Kf2 g5 31. b3 h6 32.
Bd2 h5 33. Ba5 Nc8 34. Bc7 1-0

[Event "*** Titled Tuesday Blitz"]
[Site "Chess.com"]
[Date "2020.12.29"]
[Round "9"]
[White "Spriteball"]
[Black "amatatanav"]
[Result "0-1"]
[WhiteElo "2318"]
[BlackElo "2435"]
[TimeControl "180+1"]
[EndTime "11:43:34 PST"]
[Termination "amatatanav won by resignation"]

1. c4 e6 2. Nf3 d5 3. g3 Nf6 4. Bg2 Be7 5. O-O O-O 6. b3 d4 7. Bb2 c5 8. e3 Nc6 9. exd4 cxd4 10. d3 e5 11. a3 a5 12. Nbd2 Bf5 13. Qe2 Nd7 14.
Ne1 Re8 15. Nc2 Nc5 16. Bxc6 bxc6 17. Qxe5 Bxd3 18. Rfc1 Bxc2 19. Rxc2 Nd3 20. Qe4 Nxb2 21. Rxb2 d3 22. Re1 Bxa3 23. Qxe8+ Qxe8 24. Rxe8+ Rxe8 25. Ra2 Bb4 26. Nf3 d2 27. Ra1 Re1+ 28. Nxe1 dxe1=Q+ 29. Rxe1 Bxe1 30. Kf1 Bb4 31. Ke2 Kf8 32. Kd3 Ke7 33.
Ke4 Ke6 34. f4 f5+ 35. Kd4 Kd6 36. h3 Bc5+ 37. Kd3 h5 0-1

[Event "*** Titled Tuesday Blitz"]
[Site "Chess.com"]
[Date "2020.12.29"]
[Round "9"]
[White "QuintilianoR"]
[Black "m_ezat"]
[Result "1-0"]
[WhiteElo "2667"]
[BlackElo "2534"]
[TimeControl "180+1"]
[EndTime "11:43:37 PST"]
[Termination "QuintilianoR won by resignation"]

1. Nf3 Nf6 2. c4 g6 3. Nc3 Bg7 4. d4 O-O 5. e4 d6 6. Be2 e5 7. O-O Nc6 8. d5 Ne7 9. b4 c6 10. a4 a5 11. bxa5 Qxa5 12. Bd2 c5 13. Re1 Qd8 14. g3 Nd7 15. h4 h6 16. Qc1 Kh7 17.
Nb5 Ra6 18. h5 Nf6 19. hxg6+ Nxg6 20. Bd3 Ng4 21. Kg2 f5 22. exf5 Bxf5 23. Bxf5 Rxf5 24. Ra3 Qf6 25. Qc2 Ra8 26. Qe4 h5 27. Rh1 Kg8 28. Nxd6 Rxf3 29. Rxf3 Qxd6 30. Rxh5 Nf4+ 31. Bxf4 exf4 32.
Qh7+ Kf7 33. Rxf4+ Qxf4 34. gxf4 Nf6 35. Qf5 Re8 36.
Rg5 Re4 37. Qg6+ Ke7 38. Qxg7+ 1-0

[Event "*** Titled Tuesday Blitz"]
[Site "Chess.com"]
[Date "2020.12.29"]
[Round "9"]
[White "tylityli"]
[Black "glebus008"]
[Result "1/2-1/2"]
[WhiteElo "2357"]
[BlackElo "2250"]
[TimeControl "180+1"]
[EndTime "11:43:37 PST"]
[Termination "Game drawn by repetition"]

1. d4 e6 2. c4 d5 3. Nc3 c6 4. e3 Bd6 5. Nf3 f5 6. b3 Nf6 7. a4 Qe7 8. Bd3 a5 9. O-O Na6 10. Bb2 Ne4 11. Bxe4 fxe4 12. Ne5 O-O 13. Ne2 Nb4 14.
Nf4 Bd7 15. Qg4 Rf5 16. h4 Raf8 17. h5 Be8 18. Rad1 Bxe5 19. dxe5 Rxf4 20. exf4 Nd3 21.
Rxd3 exd3 22. Rd1 Rf5 23. Rxd3 Bxh5 24. Qh3 Bg6 25. cxd5 cxd5 26. Bc1 Rh5 27. Qf3 Qh4 28. Qh3 Qe7 29. Qf3 Qh4 30. Qh3 Qe7 1/2-1/2

[Event "*** Titled Tuesday Blitz"]
[Site "Chess.com"]
[Date "2020.12.29"]
[Round "9"]
[White "nubair1198"]
[Black "Alexandr_Kholin"]
[Result "0-1"]
[WhiteElo "2726"]
[BlackElo "2576"]
[TimeControl "180+1"]
[EndTime "11:43:40 PST"]
[Termination "Alexandr_Kholin won by resignation"]

1. c4 c6 2. Nf3 d5 3. d4 Nf6 4. Nc3 e6 5. Bg5 h6 6. Bh4 dxc4 7. e4 g5 8. Bg3 b5 9. Be2 Nbd7 10.
O-O Bb7 11. Ne5 Qb6 12. a4 a6 13. d5 cxd5 14. exd5 Nxd5 15. Nxd5 Bxd5 16. axb5 Qxb5 17. Bh5 Nxe5 18. Bxe5 Rg8 19. Qe2 Bb4 20. Rfd1 O-O-O 21. Bxf7 Rgf8 22. Bg6 Bc5 23. Bd4 Bxd4 24. Rxd4 Qb6 25.
Rad1 Kb7 26. Be4 Bxe4 27. Qxe4+ Rd5 28. h4 Rf4 29. Qh7+ Qc7 30. Qxc7+ Kxc7 31. hxg5 Rfxd4 32. Rxd4 Rxd4 33. gxh6 Rh4 0-1

[Event "*** Titled Tuesday Blitz"]
[Site "Chess.com"]
[Date "2020.12.29"]
[Round "9"]
[White "pavel_skatchkov"]
[Black "PavelChernomordik"]
[Result "1-0"]
[WhiteElo "2584"]
[BlackElo "2320"]
[TimeControl "180+1"]
[EndTime "11:43:40 PST"]
[Termination "pavel_skatchkov won by checkmate"]

1. Nf3 g6 2. g3 Bg7 3. Bg2 e5 4. d4 exd4 5. Nxd4 Nc6 6. Nxc6 bxc6 7. O-O Ne7 8. Nc3 O-O 9. e4 Rb8 10. Re1 d6 11. Qf3 c5 12. Bg5 f6 13. Bc1 Nc6 14. Nd5 Nd4 15. Qd3 c6 16. Ne3 f5 17. exf5 Nxf5 18. c3 d5 19. Ng4 c4 20. Qe2 Bd7 21. Bf4 Rb6 22. Rad1 Re8 23. Qd2 Rxe1+ 24.
Rxe1 d4 25. cxd4 Bxd4 26. Nh6+ Kg7 27. Nxf5+ Bxf5 28. Be5+ Kg8 29. Bxd4 c5 30. Qh6 cxd4 31.
Bd5+ Kh8 32. Bf7 Rf6 33. Re8+ Qxe8 34. Bxe8 d3 35. Bb5 Rd6 36. Qf8# 1-0

[Event "*** Titled Tuesday Blitz"]
[Site "Chess.com"]
[Date "2020.12.29"]
[Round "9"]
[White "vrekhson"]
[Black "imdvb6307"]
[Result "0-1"]
[WhiteElo "2241"]
[BlackElo "2385"]
[TimeControl "180+1"]
[EndTime "11:43:43 PST"]
[Termination "imdvb6307 won by resignation"]

1. e4 Nc6 2. Nf3 d6 3. Nc3 Nf6 4. Bc4 Bg4 5. h3 Bxf3 6. Qxf3 Ne5 7. Qe2 Nxc4 8. Qxc4 c6 9. d4 e5 10. Bg5 Be7 11. O-O-O Qa5 12. dxe5 dxe5 13. g4 O-O 14. Kb1 Rfd8 15. Be3 Nd7 16. Ne2 Nb6 17. Qb3 Qa4 18. Ng3 Qxb3 19. axb3 g6 20. f3 Kf8 21. c4 Ke8 22. Kc2 Rxd1 23. Rxd1 Nd7 24. Kc3 a5 25. Rh1 Bc5 26. Bxc5 Nxc5 27. b4 axb4+ 28. Kxb4 Nd3+ 29. Kc3 Nf4 30. h4 Rd8 31. Rf1 Rd3+ 32. Kc2 b5 33. cxb5 cxb5 34. Ne2 Re3 35. Nxf4 exf4 36. Rf2 b4 37. Rd2 Rxf3 38. Rd4 b3+ 39. Kd2 h6 40. Rc4 g5 41. hxg5 hxg5 42. Rc3 Rxc3 0-1

[Event "*** Titled Tuesday Blitz"]
[Site "Chess.com"]
[Date "2020.12.29"]
[Round "9"]
[White "ljuks68"]
[Black "Anton_Zhukov04"]
[Result "1-0"]
[WhiteElo "2384"]
[BlackElo "2229"]
[TimeControl "180+1"]
[EndTime "11:43:43 PST"]
[Termination "ljuks68 won by resignation"]

1. e4 c5 2. Nf3 d6 3. d4 cxd4 4.
Nxd4 Nf6 5. Nc3 a6 6. Bg5 e6 7. f4 Nbd7 8. Qf3 Qc7 9. O-O-O b5 10. Bd3 Bb7 11. Rhe1 Qb6 12. Nd5 Qxd4 13. Bxf6 gxf6 14. Bxb5 Qc5 15. Nxf6+ Kd8 16. Bxd7 Be7 17. Qh5 Bxf6 18. Qxf7 Be7 19. Bxe6 Rf8 20. Qxh7 Rxf4 21. e5 d5 22. Bxd5 Bxd5 23. Qg8+ Rf8 24. Rxd5+ Qxd5 25. Qxd5+ Kc7 26. Qc4+ Kb7 27. Rd1 Rad8 28. Rxd8 Rxd8 29. c3 Rf8 30. Qd5+ Kc7 31. Kc2 Rf2+ 32. Kb3 a5 33. Qxa5+ Kb7 34. Qb5+ Kc7 35. Qa5+ Kb7 36. Qd5+ Kc7 37. a4 Rf4 38. a5 Rf1 39. a6 Ra1 40. Qb7+ Kd8 41. a7 1-0

[Event "*** Titled Tuesday Blitz"]
[Site "Chess.com"]
[Date "2020.12.29"]
[Round "9"]
[White "Chuchofrio1"]
[Black "BobbySteen89"]
[Result "0-1"]
[WhiteElo "2262"]
[BlackElo "2131"]
[TimeControl "180+1"]
[EndTime "11:43:43 PST"]
[Termination "BobbySteen89 won by resignation"]

1. d4 Nf6 2. c4 c5 3. d5 b5 4. cxb5 a6 5. Nc3 g6 6. e4 d6 7. Bd2 axb5 8. Bxb5+ Nbd7 9. Nf3 Bg7 10. O-O O-O 11.
Qe2 Qb6 12. Be3 Ba6 13. a4 Bxb5 14. Qxb5 Qxb5 15. axb5 Ng4 16. Bf4 Rfb8 17. Rxa8 Rxa8 18. Nd2 Rb8 19. h3 Nge5 20. Bg5 Kf8 21. Ra1 h6 22.
Be3 Nd3 23. Rb1 Nxb2 24. Rxb2 Bxc3 25. Bxh6+ Ke8 26. Ra2 Rxb5 27. Nc4 Nb6 28. Nxb6 Rxb6 29. Ra8+ Kd7 30. Ra7+ Kd8 31. Ra8+ Kc7 32. Rf8 Be5 33.
f4 Bd4+ 34. Kh2 f6 35. Rg8 g5 36. fxg5 Be5+ 37. g3 Rb2+ 38. Kg1 fxg5 39. Rxg5 Re2 40. Rg4 c4 41. Kf1 Rb2 42. h4 c3 43. Ke1 Rg2 44. h5 Rg1+ 45. Ke2 c2 46. Rg5 c1=Q 0-1

[Event "*** Titled Tuesday Blitz"]
[Site "Chess.com"]
[Date "2020.12.29"]
[Round "9"]
[White "AlexeiShirov"]
[Black "Jospem"]
[Result "1/2-1/2"]
[WhiteElo "2846"]
[BlackElo "2984"]
[TimeControl "180+1"]
[EndTime "11:43:44 PST"]
[Termination "Game drawn by agreement"]

1. e4 e5 2. Nf3 Nc6 3. Bb5 a6 4. Ba4 Nf6 5. O-O Nxe4 6. d4 Be7 7. Re1 b5 8. Rxe4 d5 9. Nxe5 Nxe5 10. Rxe5 bxa4 11. Nc3 O-O 12. Rxd5 Bd6 13. Bf4 Be6 14.
Bxd6 cxd6 15. Rh5 g6 16. Rh6 a3 17. bxa3 Rc8 18. Ne4 Bf5 19. Ng3 Bxc2 20. Qd2 Re8 21.
Rh3 Qf6 22. Qh6 Qg7 23. Qxg7+ Kxg7 24. Nf1 Bf5 25. Re3 Be6 26. Rb1 Bxa2 27. Rb6 Red8 28. Re1 a5 29. Ne3 Rc3 30. Ra1 Bb3 31. a4 Rdc8 32.
h4 Rc1+ 33. Rxc1 Rxc1+ 34. Kh2 Bxa4 35. Ra6 Rc6 36. Rxa5 Bb3 37. d5 Rb6 38. Kg3 h6 39. Ra7 Rb5 40. Rd7 Bxd5 41. Rxd6 Be6 42. Rd4 1/2-1/2

[Event "*** Titled Tuesday Blitz"]
[Site "Chess.com"]
[Date "2020.12.29"]
[Round "9"]
[White "WinOrTilt"]
[Black "Trickov"]
[Result "0-1"]
[WhiteElo "2144"]
[BlackElo "2330"]
[TimeControl "180+1"]
[EndTime "11:43:44 PST"]
[Termination "Trickov won by resignation"]

1. d4 d5 2. Nf3 Nf6 3. e3 c6 4.
Nbd2 Bf5 5. Bd3 e6 6. O-O Nbd7 7. Ne5 Nxe5 8. dxe5 Nd7 9. f4 Nc5 10. Bxf5 exf5 11. Nf3 Be7 12. Nd4 g6 13. b4 Ne4 14.
e6 Bxb4 15. exf7+ Kxf7 16. Bb2 Re8 17. Nf3 Bc3 18. Bxc3 Nxc3 19. Ng5+ Qxg5 20. fxg5 Nxd1 21. Raxd1 Rxe3 22. g4 Ke6 23. Rde1 Re4 24. gxf5+ gxf5 25. Rxe4+ dxe4 26. Kf2 h6 27. gxh6 Rh8 28. Ke3 Rxh6 29. Rf2 Ke5 30. a4 Rh3+ 31. Ke2 f4 32. a5 e3 33. Rf1 0-1

[Event "*** Titled Tuesday Blitz"]
[Site "Chess.com"]
[Date "2020.12.29"]
[Round "9"]
[White "esteban062000"]
[Black "Snowflake"]
[Result "0-1"]
[WhiteElo "2190"]
[BlackElo "2419"]
[TimeControl "180+1"]
[EndTime "11:43:44 PST"]
[Termination "Snowflake won by checkmate"]

1. Nf3 g5 2. Nxg5 e5 3. d4 h6 4.
Nf3 e4 5. Ne5 d6 6. Nc4 d5 7.
Ne5 c5 8. e3 Nc6 9. Qh5 Be6 10.
Bd2 Nf6 11. Qh4 Nxe5 12. dxe5 Nd7 13. Qh5 Bg7 14. Bb5 a6 15. Bxd7+ Qxd7 16. O-O Qc7 17.
Bc3 O-O-O 18. Nd2 d4 19. exd4 cxd4 20. Bb4 e3 21. fxe3 dxe3 22. Ne4 Bxe5 23. Rfd1 f5 24. Nc5 Bd5 25. c4 Bc6 26. Ne6 Rxd1+ 27. Rxd1 Qb6 28. Bc5 Qxb2 29. Qf7 Qf2+ 30. Kh1 Bxg2# 0-1

[Event "*** Titled Tuesday Blitz"]
[Site "Chess.com"]
[Date "2020.12.29"]
[Round "9"]
[White "mbachez"]
[Black "Matveev_Vladimir"]
[Result "1-0"]
[WhiteElo "2565"]
[BlackElo "2689"]
[TimeControl "180+1"]
[EndTime "11:43:45 PST"]
[Termination "mbachez won by resignation"]

1. e4 c5 2. Nf3 d6 3. Bb5+ Nd7 4. Ba4 Nf6 5. O-O a6 6. c3 b5 7. Bc2 e5 8. d4 Bb7 9. Re1 Be7 10. a4 O-O 11. Na3 Qb6 12. Bg5 Rfd8 13. dxe5 Nxe5 14. Qe2 b4 15. Nxe5 dxe5 16. Nc4 Qc7 17. a5 Nd5 18. exd5 Bxg5 19. Be4 bxc3 20. bxc3 Rab8 21. Red1 Qe7 22. d6 Qf6 23. Rab1 Bxe4 24. Qxe4 Rxb1 25. Rxb1 Qe6 26. h4 f5 27. Qxe5 Qxe5 28. Nxe5 Bf6 29. Nc4 Bxc3 30. Rb6 Kf7 31. Rxa6 Ke6 32. Ra7 f4 33. a6 Kd5 34.
Na3 Rxd6 35. Nb5 1-0

[Event "*** Titled Tuesday Blitz"]
[Site "Chess.com"]
[Date "2020.12.29"]
[Round "9"]
[White "Fortitudine"]
[Black "Schack-Hugo"]
[Result "1-0"]
[WhiteElo "2331"]
[BlackElo "2163"]
[TimeControl "180+1"]
[EndTime "11:43:45 PST"]
[Termination "Fortitudine won by resignation"]

1. c4 c5 2. g3 Nf6 3. Bg2 d5 4. cxd5 Nxd5 5. Nc3 Nc7 6. d3 g6 7. Be3 Nba6 8. Qd2 Bg7 9. Bh6 O-O 10. h4 Bg4 11. f3 Bxh6 12. Qxh6 Qd6 13. fxg4 Qxg3+ 14. Kf1 f5 15. gxf5 Rxf5+ 16. Nf3 Raf8 17. Ne4 Rxf3+ 18. exf3 Rxf3+ 19. Bxf3 Qxf3+ 20. Nf2 Nd5 21. Rh3 Qf6 22. Qg5 Qxb2 23. Qxd5+ Kg7 24. Re1 Nb4 25.
Rxe7+ 1-0

[Event "*** Titled Tuesday Blitz"]
[Site "Chess.com"]
[Date "2020.12.29"]
[Round "9"]
[White "skoularikii"]
[Black "swimmerchess"]
[Result "1-0"]
[WhiteElo "2636"]
[BlackElo "2794"]
[TimeControl "180+1"]
[EndTime "11:43:47 PST"]
[Termination "skoularikii won by resignation"]

1. e4 e5 2. Nf3 Nc6 3. Bc4 Nf6 4. d3 h6 5. Nc3 d6 6. O-O Bg4 7. Ne2 Bxf3 8. gxf3 Qd7 9. Ng3 O-O-O 10. c3 d5 11. Bb3 Bc5 12. Be3 d4 13. Bd2 dxc3 14. Bxc3 h5 15. Rc1 h4 16. Nf5 g6 17. Ne3 Bd4 18.
Ba4 Nh5 19. Bxd4 exd4 20. Nd5 Qe6 21. Bxc6 bxc6 22. Rxc6 Qxc6 23. Ne7+ Kd7 24. Nxc6 Kxc6 25. Qa4+ Kd6 26. Rc1 c5 27. Qxa7 Nf4 28. Qxc5+ Ke6 29. Qb6+ Rd6 30. Rc6 Rxc6 31. Qxc6+ Ke7 32. Qc7+ 1-0

[Event "*** Titled Tuesday Blitz"]
[Site "Chess.com"]
[Date "2020.12.29"]
[Round "9"]
[White "Savva09022009"]
[Black "1f3_2g41-0"]
[Result "1-0"]
[WhiteElo "2614"]
[BlackElo "2429"]
[TimeControl "180+1"]
[EndTime "11:43:48 PST"]
[Termination "Savva09022009 won by resignation"]

1. d4 Nf6 2. Nc3 d5 3. Bf4 e6 4.
e3 Bd6 5. Nf3 O-O 6. Bd3 c5 7.
O-O a6 8. dxc5 Bxc5 9. e4 d4 10. Ne2 Nc6 11. e5 Nd5 12. Bg3 f5 13. exf6 Qxf6 14. Be4 Bd7 15. Nc1 Nf4 16. Nd3 Nxd3 17.
Qxd3 h6 18. a3 Ne7 19. b4 Bb5 20. Qd2 Bxf1 21. Rxf1 Bb6 22. Be5 Qf7 23. Bxb7 Rad8 24. Bxa6 Qh5 25. Qe2 Nf5 26. Bc4 Kh8 27. Nxd4 Qxe2 28.
Nxe2 Rd2 29. Nf4 Rxc2 30. Ng6+ Kg8 31. Bxe6+ Rf7 32. Bxf5 Rxf5 33. Ne7+ Kf7 34. Nxf5 Ke6 35. Nd4+ Bxd4 36. Bxd4 Ra2 37. Ra1 Rc2 38. Bxg7 Kd5 39.
Bxh6 Ke4 40. Be3 Kd3 41. a4 Ke2 42. a5 Rb2 43. a6 Rb3 44. a7 Rc3 45. a8=Q Rd3 46.
g4 Rd5 47. Re1+ Kxe1 48. Qxd5 Ke2 49. h4 Ke1 50. h5 Ke2 51. g5 Ke1 52. g6 Ke2 53. h6 Ke1 54. g7 Ke2 55. h7 Ke1 56.
g8=N Ke2 57. h8=B 1-0

[Event "*** Titled Tuesday Blitz"]
[Site "Chess.com"]
[Date "2020.12.29"]
[Round "9"]
[White "DarZay"]
[Black "CHENNAIBOND"]
[Result "1-0"]
[WhiteElo "2106"]
[BlackElo "1571"]
[TimeControl "180+1"]
[EndTime "11:43:49 PST"]
[Termination "DarZay won by resignation"]

1. e4 c5 2. Nf3 Nc6 3. d4 cxd4 4. Nxd4 Nf6 5. Nc3 e5 6. Ndb5 d6 7. Bg5 a6 8. Na3 b5 9. Nd5 Be7 10. Bxf6 Bxf6 11. c4 b4 12. Nc2 a5 13. Be2 Bg5 14. O-O O-O 15. Nce3 Be6 16. b3 Ne7 17. Qd3 Bxe3 18.
Qxe3 Bxd5 19. cxd5 f5 20. f4 exf4 21. Rxf4 Rc8 22.
Bc4 Rc5 23. e5 Ng6 24. e6 Nxf4 25. e7 Qb6 26. exf8=Q+ Kxf8 27. Re1 Kf7 28. Kh1 Ng6 29. Qe6+ 1-0

[Event "*** Titled Tuesday Blitz"]
[Site "Chess.com"]
[Date "2020.12.29"]
[Round "9"]
[White "vugarrasulov"]
[Black "NMShanMeruga"]
[Result "0-1"]
[WhiteElo "2781"]
[BlackElo "2476"]
[TimeControl "180+1"]
[EndTime "11:43:51 PST"]
[Termination "NMShanMeruga won by checkmate"]

1. d4 Nf6 2. c4 e6 3. Nf3 c5 4. d5 exd5 5. cxd5 Bd6 6. Nc3 Bc7 7. d6 Ba5 8. g3 O-O 9. Bg2 Ne4 10. O-O Nxc3 11. bxc3 Bxc3 12. Rb1 Nc6 13. h4 h6 14. Qc2 Qa5 15. a4 Bb4 16. Bb2 Rb8 17. Nh2 b6 18. Ng4 Nd4 19. Qd1 Ba6 20. Bxd4 cxd4 21.
Qxd4 Bc5 22. Qf4 Bxe2 23. Nxh6+ gxh6 24. Rfe1 Bd3 25. Rbd1 Bg6 26. Qxh6 Bd4 27. Re7 Bg7 28.
Qf4 Qf5 29. Qe3 Rbc8 30. Rd5 Qb1+ 31. Kh2 Bf5 32. h5 Be6 33. Rg5 Kh8 34. h6 Bf6 35.
Rg7 Rc5 36. Be4 Rh5+ 37. Kg2 Qh1# 0-1

[Event "*** Titled Tuesday Blitz"]
[Site "Chess.com"]
[Date "2020.12.29"]
[Round "9"]
[White "Bulldog167"]
[Black "PSvidler"]
[Result "0-1"]
[WhiteElo "2704"]
[BlackElo "2841"]
[TimeControl "180+1"]
[EndTime "11:43:52 PST"]
[Termination "PSvidler won on time"]

1. d4 Nf6 2. c4 g6 3. Nc3 d5 4.
Nf3 Bg7 5. Bg5 Ne4 6. cxd5 Nxg5 7. Nxg5 e6 8. Qd2 h6 9. Nf3 exd5 10. e3 O-O 11. b4 c6 12. Be2 Qd6 13. Rb1 Nd7 14. O-O Re8 15. b5 Nb6 16. bxc6 bxc6 17. Rfc1 Bg4 18.
h3 Bxf3 19. Bxf3 Nc4 20. Qd1 h5 21. Be2 Nxe3 22. fxe3 Rxe3 23. Bf3 Rae8 24. Ne2 Qe7 25. Rc2 Qg5 26. Rb3 Rxb3 27. axb3 Qe3+ 28. Kh1 Qxb3 29. Qc1 Bh6 30. Qb2 Qa4 31. Qa2 Qb5 32. Rb2 Qd3 33. Qb3 Qf5 34. Qc2 Qf6 35. Ra2 Re3 36. Ng1 Qxd4 37. Qxc6 Re1 38. Qe8+ Rxe8 0-1

[Event "*** Titled Tuesday Blitz"]
[Site "Chess.com"]
[Date "2020.12.29"]
[Round "9"]
[White "Rsnr"]
[Black "Son_of_Sultan"]
[Result "1-0"]
[WhiteElo "2806"]
[BlackElo "2569"]
[TimeControl "180+1"]
[EndTime "11:43:52 PST"]
[Termination "Rsnr won on time"]

1. d4 d6 2. Nf3 g6 3. c4 Bg7 4.
Nc3 e5 5. dxe5 dxe5 6. Qxd8+ Kxd8 7. g3 f6 8. Bg2 c6 9. O-O Be6 10. b4 Bxc4 11. Rd1+ Kc7 12. Nd2 Be6 13. b5 a6 14.
bxc6 Nxc6 15. Nde4 Rd8 16. Ba3 Rxd1+ 17. Rxd1 Nh6 18.
Nc5 Re8 19. Rb1 Nd8 20. Nxb7 Bf8 21. Nc5 Bxc5 22. Bxc5 Nhf7 23. Nd5+ Bxd5 24. Bxd5 Nd6 25. Rb6 N8b7 26. Rc6+ Kd7 27. Be3 f5 28. Rxa6 f4 29.
Bc6+ Kc7 30. Bxe8 1-0

[Event "*** Titled Tuesday Blitz"]
[Site "Chess.com"]
[Date "2020.12.29"]
[Round "9"]
[White "LimeInTheCoconut"]
[Black "Lion-Al-Messi"]
[Result "0-1"]
[WhiteElo "2370"]
[BlackElo "2538"]
[TimeControl "180+1"]
[EndTime "11:43:53 PST"]
[Termination "Lion-Al-Messi won on time"]

1. d4 d5 2. c4 c6 3. Nf3 Nf6 4. Qc2 e6 5. Nbd2 Nbd7 6. g3 Bd6 7. Bg2 O-O 8. O-O e5 9. cxd5 Nxd5 10. Nc4 Qe7 11.
Nxd6 Qxd6 12. Rd1 exd4 13. Rxd4 Qg6 14. Qxg6 hxg6 15. e4 N5b6 16. b3 Nf6 17. Ba3 Re8 18.
Ng5 Be6 19. Rad1 Ng4 20. h3 Nf6 21. f4 Rac8 22. Nxe6 Rxe6 23. Kf2 Ree8 24. g4 c5 25.
Rd6 Nxe4+ 26. Bxe4 Rxe4 27. Rd8+ Rxd8 28. Rxd8+ Kh7 29.
Kf3 Re1 30. Bxc5 Ra1 31. Bxb6 axb6 32. Rd6 Rf1+ 33. Kg3 Rg1+ 34. Kf2 Rh1 35. Rxb6 Rxh3 36. a4 f5 37. gxf5 gxf5 38. Rxb7 Rh4 39. Kg3 Rg4+ 40. Kf3 Rg1 41. a5 Rf1+ 42. Ke3 Re1+ 43. Kf2 Ra1 44. b4 Kh6 45. Rb6+ Kh5 46. a6 Kg4 47. b5 Kxf4 48. Rg6 Ra2+ 49. Ke1 Ke3 50. Kd1 Kd3 51. Rd6+ Ke3 52. Rd7 f4 0-1

[Event "*** Titled Tuesday Blitz"]
[Site "Chess.com"]
[Date "2020.12.29"]
[Round "9"]
[White "HouseOfDurin"]
[Black "AlphaZ3r0"]
[Result "0-1"]
[WhiteElo "2085"]
[BlackElo "2329"]
[TimeControl "180+1"]
[EndTime "11:43:54 PST"]
[Termination "AlphaZ3r0 won on time"]

1. d4 d5 2. Bg5 f6 3. Bh4 Nc6 4. e3 Nh6 5. f4 Nf5 6. Bf2 e5 7.
dxe5 fxe5 8. fxe5 Nxe5 9. Nf3 Ng4 10. Nc3 Nfxe3 11. Bxe3 Nxe3 12. Qe2 Qe7 13. Kd2 Nc4+ 14. Kc1 c6 15. Qxe7+ Bxe7 16. Bxc4 dxc4 17. Re1 Bf5 18. Nd4 Bg6 19. Ne6 Kf7 20. Nf4 Bg5 21. g3 Rhe8 22. Rxe8 Rxe8 23. Kd2 Rd8+ 24. Ke3 Bxc2 25. Rc1 Rd3+ 26.
Kf2 Bxf4 27. Rxc2 Rd2+ 28. Rxd2 Bxd2 29. Ne4 Bb4 30. a3 Be7 31. Ke3 Ke6 0-1

[Event "*** Titled Tuesday Blitz"]
[Site "Chess.com"]
[Date "2020.12.29"]
[Round "9"]
[White "louis198"]
[Black "kuban1991"]
[Result "1-0"]
[WhiteElo "2620"]
[BlackElo "2745"]
[TimeControl "180+1"]
[EndTime "11:43:55 PST"]
[Termination "louis198 won by checkmate"]

1. d4 g6 2. c4 Bg7 3. Nc3 c5 4. e3 Nf6 5. Nf3 O-O 6. Be2 cxd4 7. exd4 d5 8. c5 Nc6 9. h3 b6 10. cxb6 axb6 11. O-O Ne4 12. Nb5 e6 13. Bf4 Ba6 14. a4 Qf6 15. Be5 Nxe5 16. Nxe5 Qe7 17. Nc6 Qd7 18.
Nb4 Bb7 19. Rc1 Rfc8 20. Bd3 Nd6 21. Rxc8+ Rxc8 22. Qb3 Nxb5 23. Bxb5 Qd6 24. Rd1 h5 25. Nc2 h4 26. Ne3 Qf4 27. Qd3 Bf6 28. Ng4 Be7 29. Ne5 Kg7 30. g3 hxg3 31. fxg3 Qf5 32. Rf1 Qxd3 33.
Rxf7+ Kg8 34. Bxd3 Re8 35. Bxg6 Ba6 36. Bh7+ Kh8 37.
Ng6# 1-0

[Event "*** Titled Tuesday Blitz"]
[Site "Chess.com"]
[Date "2020.12.29"]
[Round "9"]
[White "jacky72"]
[Black "GelmanAlexander"]
[Result "1-0"]
[WhiteElo "2784"]
[BlackElo "2562"]
[TimeControl "180+1"]
[EndTime "11:43:57 PST"]
[Termination "jacky72 won on time"]

1. d4 Nf6 2. c4 c5 3. d5 b5 4. Qc2 b4 5. e4 d6 6. b3 g6 7.
Bb2 Bg7 8. Bd3 O-O 9. Ne2 a5 10. a4 bxa3 11. Nxa3 Na6 12. O-O Nb4 13. Qd2 Nxd3 14. Qxd3 e6 15. dxe6 fxe6 16. Rfd1 Bb7 17. f3 d5 18. exd5 exd5 19. cxd5 Nxd5 20. Bxg7 Kxg7 21.
Nc3 Nf4 22. Qc2 Qg5 23. Rd7+ Rf7 24. Rxf7+ Kxf7 25. Ne4 Bxe4 26. fxe4 Kg7 27. Qc3+ Kh6 28. Ra2 Rd8 29. Qe1 Qg4 30. h3 Nxh3+ 31. Kh2 Nf4 32.
Rd2 Rf8 33. Nc4 Qh5+ 34. Kg1 Qg4 35. e5 Nh3+ 36. Kh2 1-0

[Event "*** Titled Tuesday Blitz"]
[Site "Chess.com"]
[Date "2020.12.29"]
[Round "9"]
[White "BulletMercenary"]
[Black "GameOverBro"]
[Result "1/2-1/2"]
[WhiteElo "2351"]
[BlackElo "2455"]
[TimeControl "180+1"]
[EndTime "11:43:57 PST"]
[Termination "Game drawn by repetition"]

1. b3 d6 2. Bb2 Nd7 3. f4 Ngf6 4. Nf3 c6 5. g3 Qc7 6. Bg2 e5 7.
fxe5 dxe5 8. O-O Bc5+ 9. e3 a5 10. d4 Ba7 11. Nxe5 Nxe5 12. dxe5 Ng4 13. Bd4 Nxe3 14.
Bxe3 Bxe3+ 15. Kh1 Qxe5 16. Na3 O-O 17. Nc4 Qg5 18. Qf3 Bd4 19. Rad1 Bf6 20. Ne3 Be6 21. h4 Qc5 22. Ng4 Bxg4 23. Qxg4 Qxc2 24. Rxf6 h5 25.
Qxh5 gxf6 26. Rd4 Qh7 27. Qf3 Qh6 28. Rf4 Kg7 29. Rg4+ Kh8 30. Rf4 Kg7 31. Rg4+ Kh8 32. Rf4 Kg7 1/2-1/2